[Event "HUN-ch Rapid 2018"]
[Site "Ajka"]
[Date "2018.07.20"]
[Round "4"]
[White "Csonka, Balazs"]
[Black "Galyas, Miklos"]
[Result "0-1"]
[ECO "D15"]
[WhiteElo "2311"]
[BlackElo "2382"]
[Annotator "NA"]
[PlyCount "96"]
[EventDate "2018.07.20"]
[EventType "swiss"]
[EventCountry "HUN"]
[SourceTitle "playchess.com"]
[Source "ChessBase"]
[SourceQuality "1"]
[TimeControl "1200+5"]

1. Nf3 d5 2. d4 Nf6 3. c4 c6 4. Nc3 a6 5. Qc2 dxc4 6. e4 b5 7. b3 cxb3 8. axb3 e6 9. e5 Nd5 10. Nxd5 exd5 11. Bd2 Be7 12. Bd3 h6 13. Ba5 Qd7 14. O-O O-O 15. Rae1 Qe6 16. b4 c5 17. bxc5 Nc6 18. Bc3 b4 19. Bb2 a5 20. Ra1 Bd7 21. h3 a4 22. g4 Bd8 23. Bf5 Qe8 24. Rfe1 Be6 25. Qd3 Qd7 26. Bc1 Ne7 27. Nh4 b3 28. f4 Nc6 29. Bxe6 fxe6 30. Ng6 Rf7 31. Bd2 Ne7 32. Nxe7+ Bxe7 33. f5 Qc6 34. f6 Bf8 35. g5 hxg5 36. Bxg5 Qa6 37. Qg6 b2 38. Ra3 Qc4 39. Rg3 Qxd4+ 40. Kh1 Rb8 41. fxg7 Bxg7 42. Bf6 Qe4+ 43. Qxe4 dxe4 44. Rb1 Kf8 45. c6 Bxf6 46. exf6 Rc7 47. Kh2 Rxc6 48. f7 Rc2+ 0-1

[Event "HUN-ch Rapid 2018"]
[Site "Ajka"]
[Date "2018.07.20"]
[Round "4"]
[White "Kovacs, Elod"]
[Black "Groszpeter, Attila"]
[Result "0-1"]
[ECO "D45"]
[WhiteElo "2126"]
[BlackElo "2438"]
[Annotator "NA"]
[PlyCount "108"]
[EventDate "2018.07.20"]
[EventType "swiss"]
[EventCountry "HUN"]
[SourceTitle "playchess.com"]
[Source "ChessBase"]
[SourceQuality "1"]
[TimeControl "1200+5"]

1. d4 d5 2. c4 e6 3. Nc3 c6 4. e3 Nf6 5. Nf3 Nbd7 6. b3 Bb4 7. Bd2 O-O 8. Be2 Bd6 9. O-O Ne4 10. Nxe4 dxe4 11. Ne1 f5 12. f4 exf3 13. Nxf3 e5 14. dxe5 Nxe5 15. Bc3 Qe7 16. Nxe5 Bxe5 17. Bxe5 Qxe5 18. Qd4 Re8 19. Qxe5 Rxe5 20. Bd3 Be6 21. Kf2 a5 22. a4 Kf7 23. Rad1 Ke7 24. Be2 Rd8 25. h4 g6 26. Rd4 Rxd4 27. exd4 Re4 28. Rd1 Rxh4 29. Bf3 Bd7 30. g3 Rh2+ 31. Bg2 g5 32. Re1+ Kd8 33. Re5 b6 34. d5 cxd5 35. cxd5 Kc7 36. Kg1 Kd6 37. Re2 Rh6 38. Rc2 Rf6 39. Kf2 Rf8 40. Rc1 Rc8 41. Rh1 Rc2+ 42. Kg1 Rc1+ 43. Bf1 b5 44. Rxh7 bxa4 45. bxa4 Bxa4 46. Kf2 Rc2+ 47. Ke1 Rc3 48. Ra7 Rxg3 49. Rxa5 Bb3 50. Kf2 f4 51. Bg2 Bc4 52. Ra4 Rc3 53. Ra8 Rc2+ 54. Kg1 Rxg2+ 0-1

[Event "HUN-ch Rapid 2018"]
[Site "Ajka"]
[Date "2018.07.20"]
[Round "4"]
[White "Mihalyfi, Gabor"]
[Black "Dankhazi, Andras"]
[Result "0-1"]
[ECO "C21"]
[WhiteElo "1999"]
[BlackElo "2361"]
[Annotator "NA"]
[PlyCount "82"]
[EventDate "2018.07.20"]
[EventType "swiss"]
[EventCountry "HUN"]
[SourceTitle "playchess.com"]
[Source "ChessBase"]
[SourceQuality "1"]
[TimeControl "1200+5"]

1. e4 e5 2. d4 exd4 3. Bc4 Nf6 4. Bg5 Nc6 5. Nf3 Be7 6. Nxd4 Nxe4 7. Nxc6 bxc6 8. Bxe7 Qxe7 9. O-O O-O 10. Re1 d5 11. Bd3 Qf6 12. Bxe4 Qxb2 13. Bxh7+ Kxh7 14. Qd3+ Kg8 15. Nd2 Qf6 16. Rac1 Bf5 17. Qf3 Qg5 18. Qe3 Qxe3 19. Rxe3 Rfe8 20. Rc3 Bd7 21. Nf3 Rab8 22. Nd4 Rb6 23. Rc5 Kf8 24. Kf1 Ke7 25. Ra5 a6 26. Re1+ Kd8 27. Rxe8+ Kxe8 28. Nb3 Ke7 29. Ke2 Kd6 30. Ke3 Bc8 31. c3 Rb5 32. Ra4 c5 33. h4 c4 34. Nd4 Rb2 35. g4 c5 36. Ne2 Rb6 37. g5 Kc6 38. Nf4 Kb5 39. Nxd5 Re6+ 40. Kd2 Kxa4 41. f4 Rd6 0-1

[Event "HUN-ch Rapid 2018"]
[Site "Ajka"]
[Date "2018.07.20"]
[Round "4"]
[White "Cs. Kovacs, Laszlo"]
[Black "Papp, Gellert"]
[Result "0-1"]
[ECO "A05"]
[WhiteElo "1928"]
[BlackElo "2324"]
[Annotator "NA"]
[PlyCount "80"]
[EventDate "2018.07.20"]
[EventType "swiss"]
[EventCountry "HUN"]
[SourceTitle "playchess.com"]
[Source "ChessBase"]
[SourceQuality "1"]
[TimeControl "1200+5"]

1. Nf3 Nf6 2. d3 d5 3. g3 g6 4. Bg2 Bg7 5. c3 Nbd7 6. O-O a5 7. b3 O-O 8. Bb2 Re8 9. c4 e5 10. cxd5 Nxd5 11. Nfd2 c6 12. Nc3 N7b6 13. Nxd5 Nxd5 14. Rc1 a4 15. bxa4 Nb6 16. Qb3 Nxa4 17. Rxc6 bxc6 18. Bxc6 Bd7 19. Bxa8 Qxa8 20. Ba1 Bh3 21. f3 Bxf1 22. Kxf1 e4 23. Bxg7 exf3 24. Nxf3 Kxg7 25. Kf2 Qa7+ 26. d4 Re4 27. e3 f6 28. Nd2 Re7 29. Nc4 Rb7 30. Qa3 Qa6 31. Nd6 Rb2+ 32. Kf3 Qf1+ 33. Kg4 Qd1+ 34. Kf4 Rf2+ 35. Ke4 Qh1+ 36. Kd3 Qb1+ 37. Kc4 Nb6+ 38. Kc5 Rc2+ 39. Nc4 Rxc4+ 40. Kd6 Qb4+ 0-1

[Event "HUN-ch Rapid 2018"]
[Site "Ajka"]
[Date "2018.07.20"]
[Round "4"]
[White "Losonczi, Marcell"]
[Black "Martini, Balazs"]
[Result "0-1"]
[ECO "B32"]
[WhiteElo "1852"]
[BlackElo "2295"]
[Annotator "NA"]
[PlyCount "124"]
[EventDate "2018.07.20"]
[EventType "swiss"]
[EventCountry "HUN"]
[SourceTitle "playchess.com"]
[Source "ChessBase"]
[SourceQuality "1"]
[TimeControl "1200+5"]

1. e4 c5 2. Nf3 Nc6 3. d4 cxd4 4. Nxd4 e5 5. Nb5 d6 6. c4 Be7 7. N1c3 a6 8. Na3 f5 9. exf5 Bxf5 10. Bd3 Be6 11. O-O Nf6 12. Nc2 O-O 13. Be3 Qd7 14. f3 Rae8 15. Qe1 Nh5 16. b3 Bd8 17. a3 Nf4 18. Be4 Kh8 19. Rd1 Qe7 20. Qd2 Ba5 21. b4 Bc7 22. Bxf4 Rxf4 23. Nd5 Bxd5 24. Qxd5 Bb6+ 25. Kh1 Rh4 26. g3 Rh6 27. Qd2 Rf8 28. Ne3 Bxe3 29. Qxe3 Nd4 30. Bxh7 Qf7 31. Be4 Qxc4 32. Bxb7 Qf7 33. Be4 d5 34. Bb1 Qh5 35. h4 Rhf6 36. Qg5 Qxg5 37. hxg5 Rxf3 38. Kg2 Rxf1 39. Rxf1 Rxf1 40. Kxf1 Ne6 41. Bd3 Nc7 42. a4 Kg8 43. Bf5 Kf8 44. Ke2 Ke7 45. Kd3 Kd6 46. Bc8 Kc6 47. Bf5 Ne8 48. Bc8 Nc7 49. Bf5 Kb6 50. Bd7 a5 51. bxa5+ Kxa5 52. Bc6 Kb4 53. Bd7 Na6 54. Bb5 Nc5+ 55. Ke3 d4+ 56. Kd2 Nxa4 57. Bd3 Nc5 58. Bf5 e4 59. Kc2 Kc4 60. Kd2 Kd5 61. Kc2 Ke5 62. Bg6 Ne6 0-1

[Event "HUN-ch Rapid 2018"]
[Site "Ajka"]
[Date "2018.07.20"]
[Round "5"]
[White "Banusz, Tamas"]
[Black "Vertetics, Attila"]
[Result "1/2-1/2"]
[ECO "A06"]
[WhiteElo "2592"]
[BlackElo "2506"]
[Annotator "ChessBase"]
[PlyCount "111"]
[EventDate "2018.07.20"]
[EventType "swiss"]
[EventCountry "HUN"]
[SourceTitle "playchess.com"]
[Source "ChessBase"]
[SourceQuality "1"]
[TimeControl "1200+5"]

1. Nf3 d5 2. g3 c6 3. Bg2 Bg4 4. O-O e6 5. h3 Bxf3 6. Bxf3 Nf6 7. d4 Nbd7 8. Nd2 Be7 9. e4 dxe4 10. Nxe4 Nxe4 11. Bxe4 Bg5 12. f4 Be7 13. c3 g6 14. Kg2 h5 15. Qc2 Nf6 16. Bf3 Qc7 17. c4 Rd8 18. Be3 Kf8 19. Rad1 Ne8 20. Qb3 Bf6 21. d5 exd5 22. Bxa7 dxc4 23. Qxc4 Kg7 24. Rxd8 Qxd8 25. Rd1 Qc7 26. Bd4 h4 27. Bxf6+ Nxf6 28. g4 g5 29. Kf1 Qxf4 30. Qxf4 gxf4 31. Rd4 Nh7 32. Rxf4 Ng5 33. Bg2 Re8 34. Kf2 Re5 35. Rb4 Re7 36. Rd4 Re5 37. Rb4 Re7 38. a4 Kf6 39. Rd4 Ne6 40. Rd1 Nf4 41. Bf1 Re4 42. b3 Rb4 43. Bc4 Nxh3+ 44. Ke3 Ke5 45. a5 Nf4 46. Rf1 Nd5+ 47. Kd3 b5 48. axb6 Nxb6 49. Rf5+ Kd6 50. Kc3 c5 51. Rf6+ Ke5 52. Rf5+ Kd6 53. Rf6+ Ke5 54. Rf5+ Kd6 55. Rf6+ Ke5 56. Rf5+ 1/2-1/2

[Event "HUN-ch Rapid 2018"]
[Site "Ajka"]
[Date "2018.07.20"]
[Round "5"]
[White "Gledura, Benjamin"]
[Black "Mihok, Oliver"]
[Result "0-1"]
[ECO "E68"]
[WhiteElo "2574"]
[BlackElo "2426"]
[Annotator "ChessBase"]
[PlyCount "74"]
[EventDate "2018.07.20"]
[EventType "swiss"]
[EventCountry "HUN"]
[SourceTitle "playchess.com"]
[Source "ChessBase"]
[SourceQuality "1"]
[TimeControl "1200+5"]

1. d4 Nf6 2. c4 g6 3. g3 Bg7 4. Bg2 O-O 5. Nc3 d6 6. Nf3 Nbd7 7. O-O e5 8. e4 exd4 9. Nxd4 Re8 10. h3 a6 11. Bf4 Rb8 12. Rc1 Ne5 13. b3 c5 14. Nf3 Nfd7 15. Qxd6 Nxf3+ 16. Bxf3 g5 17. Be3 Ne5 18. Qxd8 Nxf3+ 19. Kg2 Rxd8 20. Kxf3 Bxh3 21. Nd5 g4+ 22. Ke2 Bxf1+ 23. Rxf1 Re8 24. Kd3 b5 25. cxb5 Rxb5 26. Rh1 Ra5 27. Rh4 c4+ 28. bxc4 Ra3+ 29. Ke2 Rxa2+ 30. Kd3 Ra3+ 31. Ke2 Rxe4 32. c5 Rc4 33. c6 Be5 34. Rh5 f6 35. Bb6 Rc2+ 36. Kf1 Ra1+ 37. Kg2 Rcc1 0-1

[Event "HUN-ch Rapid 2018"]
[Site "Ajka"]
[Date "2018.07.20"]
[Round "5"]
[White "Papp, Gabor"]
[Black "Horvath, Peter"]
[Result "1-0"]
[ECO "B31"]
[WhiteElo "2574"]
[BlackElo "2438"]
[Annotator "ChessBase"]
[PlyCount "91"]
[EventDate "2018.07.20"]
[EventType "swiss"]
[EventCountry "HUN"]
[SourceTitle "playchess.com"]
[Source "ChessBase"]
[SourceQuality "1"]
[TimeControl "1200+5"]

1. e4 c5 2. Nf3 Nc6 3. Bb5 g6 4. Bxc6 dxc6 5. d3 Bg7 6. Nc3 Nf6 7. h3 O-O 8. Be3 b6 9. Qd2 e5 10. Bh6 Qd6 11. O-O-O b5 12. Ne2 a5 13. Bxg7 Kxg7 14. h4 h5 15. Ng5 Ng4 16. Rdf1 f6 17. Nh3 Be6 18. f3 Nh6 19. Kb1 a4 20. f4 Bg4 21. fxe5 Qxe5 22. Nhf4 b4 23. c4 a3 24. Nc1 Rf7 25. Rf2 Rfa7 26. Rhf1 Ng8 27. Qe3 Qd4 28. Qxd4 cxd4 29. Nb3 g5 30. hxg5 fxg5 31. Nh3 axb2 32. Rxb2 Kg6 33. Nxd4 c5 34. Nc6 Ra3 35. Ne5+ Kh6 36. Nf7+ Kg6 37. Ne5+ Kh6 38. Nf2 Be6 39. Nd1 Re8 40. Ne3 g4 41. Rb3 Ra6 42. g3 Ne7 43. Rb2 Kg7 44. Rh2 Ng6 45. Rxh5 Bg8 46. Nxg6 1-0

[Event "HUN-ch Rapid 2018"]
[Site "Ajka"]
[Date "2018.07.20"]
[Round "5"]
[White "Czebe, Attila"]
[Black "Papp, Petra"]
[Result "1-0"]
[ECO "A04"]
[WhiteElo "2488"]
[BlackElo "2287"]
[Annotator "ChessBase"]
[PlyCount "117"]
[EventDate "2018.07.20"]
[EventType "swiss"]
[EventCountry "HUN"]
[SourceTitle "playchess.com"]
[Source "ChessBase"]
[SourceQuality "1"]
[TimeControl "1200+5"]

1. Nf3 c5 2. b3 Nf6 3. Bb2 g6 4. g3 Bg7 5. Bg2 O-O 6. O-O d5 7. Qc1 Nc6 8. Ne5 Qd6 9. Nxc6 bxc6 10. Nc3 e5 11. e4 d4 12. Na4 Be6 13. Ba3 Nd7 14. c3 d3 15. Qe1 Bh6 16. Qd1 f5 17. Qf3 f4 18. g4 Rfd8 19. Rfe1 Bf8 20. h4 Qc7 21. g5 c4 22. Bxf8 Nxf8 23. Nc5 Qe7 24. Nxe6 Qxe6 25. Bh3 Qf7 26. Rab1 Rab8 27. bxc4 Qxc4 28. a3 a5 29. Rxb8 Rxb8 30. Bf1 Rd8 31. Rb1 Ne6 32. Rb6 Nc5 33. Rxc6 Qxe4 34. Bg2 Qxf3 35. Bxf3 Nb3 36. c4 Nxd2 37. Bd5+ Kf8 38. Rc7 e4 39. Rf7+ Ke8 40. Rxf4 Nf3+ 41. Kf1 d2 42. Rxe4+ Kd7 43. Ke2 Rf8 44. Re3 Nd4+ 45. Kxd2 Rxf2+ 46. Kc3 Ne2+ 47. Kb3 Nf4 48. Rf3 Rxf3+ 49. Bxf3 Nd3 50. Ka4 Kd6 51. Kxa5 Kc5 52. Bd5 Ne5 53. a4 Nd7 54. Ka6 Ne5 55. a5 Nd7 56. Kb7 Kb4 57. a6 Nc5+ 58. Kb6 Na4+ 59. Kc6 1-0

[Event "HUN-ch Rapid 2018"]
[Site "Ajka"]
[Date "2018.07.20"]
[Round "5"]
[White "Csiszar, Csaba"]
[Black "Hardicsay, Peter"]
[Result "0-1"]
[ECO "D02"]
[WhiteElo "2432"]
[BlackElo "2267"]
[Annotator "NA"]
[PlyCount "93"]
[EventDate "2018.07.20"]
[EventType "swiss"]
[EventCountry "HUN"]
[SourceTitle "playchess.com"]
[Source "ChessBase"]
[SourceQuality "1"]
[TimeControl "1200+5"]

1. d4 Nf6 2. Nf3 d5 3. Bf4 c5 4. dxc5 Qa5+ 5. c3 Qxc5 6. e3 Nc6 7. Be2 Bg4 8. b4 Qb6 9. Nbd2 e6 10. a3 Be7 11. c4 O-O 12. c5 Qd8 13. O-O Nd7 14. h3 Bf5 15. Nb3 Bg6 16. Rc1 a6 17. Bg3 Nf6 18. Bh2 Ne4 19. Nfd4 Bf6 20. f3 Bg5 21. fxe4 Bxe3+ 22. Kh1 Nxd4 23. Nxd4 Bxc1 24. Qxc1 Bxe4 25. Bd6 Re8 26. Qf4 Qd7 27. Bh5 Bg6 28. Bxg6 hxg6 29. Qg3 Rac8 30. Kh2 a5 31. Rf2 axb4 32. axb4 Ra8 33. h4 Ra4 34. Nf3 f6 35. Qxg6 Rxb4 36. g3 Rc4 37. Nd2 Rd4 38. Nb3 Rb4 39. c6 Qxd6 40. Qxe8+ Kh7 41. Qh5+ Kg8 42. Qe8+ Kh7 43. Na5 Rxh4+ 44. Kg2 Rb4 45. cxb7 Qe5 46. b8=Q Rxb8 47. Qa4 0-1

[Event "HUN-ch Rapid 2018"]
[Site "Ajka"]
[Date "2018.07.20"]
[Round "5"]
[White "Bagi, Mate"]
[Black "Udvardi, Zalan"]
[Result "1-0"]
[ECO "B33"]
[WhiteElo "2394"]
[BlackElo "1795"]
[Annotator "NA"]
[PlyCount "113"]
[EventDate "2018.07.20"]
[EventType "swiss"]
[EventCountry "HUN"]
[SourceTitle "playchess.com"]
[Source "ChessBase"]
[SourceQuality "1"]
[TimeControl "1200+5"]

1. e4 c5 2. Nf3 Nc6 3. d4 cxd4 4. Nxd4 Nf6 5. Nc3 e5 6. Ndb5 d6 7. Bg5 a6 8. Na3 b5 9. Nd5 Be7 10. Bxf6 Bxf6 11. c4 b4 12. Nc2 a5 13. g3 Be6 14. Bg2 O-O 15. O-O Bg5 16. Qd3 Rc8 17. f4 Bh6 18. Nde3 Qb6 19. Kh1 a4 20. b3 exf4 21. gxf4 g6 22. Rad1 axb3 23. axb3 Bg7 24. f5 Bd7 25. Qxd6 Rfd8 26. Nd5 Qa7 27. Nf6+ Kh8 28. Nxd7 Rc7 29. Qc5 Rcxd7 30. Qxa7 Nxa7 31. Rxd7 Rxd7 32. Nxb4 Rb7 33. Nd5 Rxb3 34. f6 Bf8 35. Ra1 Bc5 36. h4 h5 37. e5 Nc6 38. e6 fxe6 39. Nf4 Ne5 40. Nxe6 Ba3 41. c5 Rc3 42. Re1 Nf7 43. c6 Bd6 44. Ng5 Nxg5 45. hxg5 Kg8 46. Rd1 Bc7 47. Be4 Rh3+ 48. Kg2 Rg3+ 49. Kf2 Rxg5 50. Rd7 Bb6+ 51. Kf3 Rc5 52. Bd5+ Kh8 53. Ke4 h4 54. Rb7 Ba5 55. Rb8+ Kh7 56. f7 Bc7 57. Rh8+ 1-0

[Event "HUN-ch Rapid 2018"]
[Site "Ajka"]
[Date "2018.07.20"]
[Round "5"]
[White "Galyas, Miklos"]
[Black "Ruck, Robert"]
[Result "0-1"]
[ECO "A48"]
[WhiteElo "2382"]
[BlackElo "2570"]
[Annotator "ChessBase"]
[PlyCount "90"]
[EventDate "2018.07.20"]
[EventType "swiss"]
[EventCountry "HUN"]
[SourceTitle "playchess.com"]
[Source "ChessBase"]
[SourceQuality "1"]
[TimeControl "1200+5"]

1. d4 Nf6 2. Nf3 g6 3. Bf4 Bg7 4. e3 O-O 5. Be2 c5 6. O-O cxd4 7. exd4 d6 8. Nbd2 Nc6 9. c3 Be6 10. Re1 Qb6 11. Nc4 Bxc4 12. Bxc4 Qxb2 13. Bb3 Qxc3 14. d5 Na5 15. Rc1 Qb4 16. Bd2 Qb6 17. Bxa5 Qxa5 18. Rxe7 Qb6 19. Rcc7 Ng4 20. Qe1 Rab8 21. h3 Ne5 22. Nxe5 Bxe5 23. Qe3 Qxe3 24. fxe3 Bf6 25. Red7 Bd8 26. Rxb7 Rxb7 27. Rxb7 Bb6 28. Re7 Rc8 29. Kf2 Rc3 30. Re8+ Kg7 31. Kf3 Kf6 32. g4 Rc1 33. h4 h6 34. Re4 Rh1 35. Rf4+ Kg7 36. g5 hxg5 37. hxg5 Rh3+ 38. Kg4 Rxe3 39. Ba4 Re5 40. Rf6 Rxg5+ 41. Kxg5 Bd8 42. Be8 Bxf6+ 43. Kf4 Be5+ 44. Kf3 f5 45. Bd7 Kf6 0-1

[Event "HUN-ch Rapid 2018"]
[Site "Ajka"]
[Date "2018.07.20"]
[Round "5"]
[White "Dankhazi, Andras"]
[Black "Czupor, Attila"]
[Result "1-0"]
[ECO "D43"]
[WhiteElo "2361"]
[BlackElo "2045"]
[Annotator "NA"]
[PlyCount "66"]
[EventDate "2018.07.20"]
[EventType "swiss"]
[EventCountry "HUN"]
[SourceTitle "playchess.com"]
[Source "ChessBase"]
[SourceQuality "1"]
[TimeControl "1200+5"]

1. d4 d5 2. c4 c6 3. Nf3 Nf6 4. Nc3 e6 5. g3 Nbd7 6. Bg2 g6 7. O-O Bg7 8. Nd2 O-O 9. b3 dxc4 10. Nxc4 c5 11. Ba3 Nd5 12. Nxd5 exd5 13. Bxd5 Bxd4 14. Rc1 Rb8 15. e3 Bg7 16. b4 b6 17. bxc5 Nxc5 18. Bxc5 bxc5 19. Qf3 Qc7 20. Rfd1 Bb7 21. Bxb7 Rxb7 22. Qd5 Rb5 23. Nd6 Ra5 24. Nb7 Rb5 25. Rxc5 Rxc5 26. Nxc5 Rc8 27. Nb3 Bf6 28. Rc1 Qb8 29. Rxc8+ Qxc8 30. Kg2 Qc7 31. Nd2 Kg7 32. Nc4 Qe7 33. e4 Bc3 1-0

[Event "HUN-ch Rapid 2018"]
[Site "Ajka"]
[Date "2018.07.20"]
[Round "5"]
[White "Papp, Gellert"]
[Black "Medvegy, Zoltan"]
[Result "0-1"]
[ECO "B12"]
[WhiteElo "2324"]
[BlackElo "2542"]
[Annotator "ChessBase"]
[PlyCount "62"]
[EventDate "2018.07.20"]
[EventType "swiss"]
[EventCountry "HUN"]
[SourceTitle "playchess.com"]
[Source "ChessBase"]
[SourceQuality "1"]
[TimeControl "1200+5"]

1. e4 c6 2. d4 d5 3. e5 Bf5 4. Nf3 e6 5. Be2 Bb4+ 6. c3 Ba5 7. O-O Nd7 8. Na3 Bc7 9. Nc2 f6 10. Ne3 Bg6 11. exf6 Ngxf6 12. Ng5 Qe7 13. Bd3 O-O-O 14. Re1 Bxd3 15. Qxd3 g6 16. Nf1 e5 17. dxe5 Nxe5 18. Qh3+ Qd7 19. Qe6 Qxe6 20. Nxe6 Rde8 21. Nd4 c5 22. Nc2 Nd3 23. Rd1 c4 24. Rb1 Ng4 25. Be3 Rhf8 26. Rd2 Nxe3 27. Nfxe3 Bb6 28. b3 Rxf2 29. Rxf2 Rxe3 30. bxc4 Re2 31. Rxb6 Rxf2 0-1

[Event "HUN-ch Rapid 2018"]
[Site "Ajka"]
[Date "2018.07.20"]
[Round "5"]
[White "Volosin, Vladimir"]
[Black "Kiss, Pal"]
[Result "1/2-1/2"]
[ECO "A11"]
[WhiteElo "2250"]
[BlackElo "2356"]
[Annotator "NA"]
[PlyCount "84"]
[EventDate "2018.07.20"]
[EventType "swiss"]
[EventCountry "HUN"]
[SourceTitle "playchess.com"]
[Source "ChessBase"]
[SourceQuality "1"]
[TimeControl "1200+5"]

1. c4 c6 2. Nc3 d5 3. e3 Nf6 4. Nf3 Bg4 5. Qb3 Qb6 6. Qxb6 axb6 7. Ne5 Be6 8. b3 g6 9. Bb2 Bg7 10. Be2 O-O 11. d4 Nbd7 12. Nxd7 Nxd7 13. cxd5 Bxd5 14. Nxd5 cxd5 15. Bb5 Nf6 16. f3 Rfc8 17. Kd2 e6 18. a4 Bf8 19. Rhc1 Bd6 20. h3 h5 21. g4 hxg4 22. hxg4 Kg7 23. Rxc8 Rxc8 24. Rh1 g5 25. Bc3 Ra8 26. Bd3 Re8 27. Bb5 Ra8 28. Bd3 Re8 29. Rh3 Ra8 30. Rh1 Re8 31. Be2 Rc8 32. Kd3 Rd8 33. Kd2 Ra8 34. Bb5 Rc8 35. a5 bxa5 36. Bxa5 Ra8 37. Bc3 Ra2+ 38. Kd3 Rf2 39. Rh3 Ng8 40. Ba5 Ne7 41. Bd8 f6 42. Bd7 e5 1/2-1/2

[Event "HUN-ch Rapid 2018"]
[Site "Ajka"]
[Date "2018.07.20"]
[Round "5"]
[White "Szakolczai, Peter"]
[Black "Jakab, Attila"]
[Result "0-1"]
[ECO "A13"]
[WhiteElo "2194"]
[BlackElo "2363"]
[Annotator "NA"]
[PlyCount "64"]
[EventDate "2018.07.20"]
[EventType "swiss"]
[EventCountry "HUN"]
[SourceTitle "playchess.com"]
[Source "ChessBase"]
[SourceQuality "1"]
[TimeControl "1200+5"]

1. c4 e6 2. e4 d5 3. exd5 exd5 4. cxd5 Nf6 5. Nc3 Nxd5 6. Bc4 Nxc3 7. bxc3 Be7 8. Nf3 O-O 9. O-O Nc6 10. d4 Na5 11. Bd3 Be6 12. Re1 Re8 13. Ne5 Bf6 14. Qh5 g6 15. Nxg6 hxg6 16. Qxa5 b6 17. Qa3 c5 18. Be3 cxd4 19. cxd4 Bxd4 20. Bb5 Bxa1 21. Bxe8 Bf6 22. Bc6 Rc8 23. Bf3 Qe7 24. Qxe7 Bxe7 25. Bd4 Bxa2 26. g3 Be6 27. h4 Bc5 28. Bf6 Rc7 29. h5 gxh5 30. Bxh5 Rd7 31. Bf3 Rd2 32. Rf1 Bc4 0-1

[Event "HUN-ch Rapid 2018"]
[Site "Ajka"]
[Date "2018.07.20"]
[Round "5"]
[White "Margl, Roland"]
[Black "Deak, Sandor"]
[Result "1/2-1/2"]
[ECO "D02"]
[WhiteElo "2047"]
[BlackElo "2335"]
[Annotator "NA"]
[PlyCount "87"]
[EventDate "2018.07.20"]
[EventType "swiss"]
[EventCountry "HUN"]
[SourceTitle "playchess.com"]
[Source "ChessBase"]
[SourceQuality "1"]
[TimeControl "1200+5"]

1. Nf3 d5 2. d4 c5 3. e3 Nc6 4. c4 cxd4 5. Nxd4 e6 6. cxd5 exd5 7. Nxc6 bxc6 8. Qc2 Bb7 9. Nd2 Nf6 10. b3 Bd6 11. Bb2 O-O 12. Bd3 Re8 13. O-O c5 14. Rfe1 Rc8 15. Bf5 Rc7 16. Rad1 g6 17. Bh3 h5 18. g3 Ng4 19. Bg2 h4 20. Nf3 hxg3 21. hxg3 Rce7 22. Qc3 f6 23. Nh2 Be5 24. Qc2 Nxh2 25. Kxh2 Bxb2 26. Qxb2 Kg7 27. Qc3 d4 28. exd4 Rxe1 29. Rxe1 Rxe1 30. Qxe1 Bxg2 31. Kxg2 cxd4 32. Qd2 Qd5+ 33. f3 Qe5 34. Kf2 g5 35. Qd3 Kh6 36. b4 Qd5 37. a3 Qa2+ 38. Kg1 Qb2 39. Kf1 Kg7 40. g4 Kh6 41. Ke1 Kg7 42. Kf1 Kf7 43. Ke1 Kg7 44. Kf1 1/2-1/2

[Event "HUN-ch Rapid 2018"]
[Site "Ajka"]
[Date "2018.07.20"]
[Round "5"]
[White "Koronghy, Gyula"]
[Black "Csonka, Balazs"]
[Result "1/2-1/2"]
[ECO "C55"]
[WhiteElo "2020"]
[BlackElo "2311"]
[Annotator "NA"]
[PlyCount "32"]
[EventDate "2018.07.20"]
[EventType "swiss"]
[EventCountry "HUN"]
[SourceTitle "playchess.com"]
[Source "ChessBase"]
[SourceQuality "1"]
[TimeControl "1200+5"]

1. e4 e5 2. Nf3 Nc6 3. Bc4 Nf6 4. d4 exd4 5. e5 d5 6. Bb5 Ne4 7. Nxd4 Bc5 8. O-O O-O 9. Nxc6 bxc6 10. Bxc6 Ba6 11. Qxd5 Bxf1 12. Bxa8 Qh4 13. g3 Bxf2+ 14. Kxf1 Qh3+ 15. Ke2 Qg4+ 16. Kf1 Qh3+ 1/2-1/2

[Event "HUN-ch Rapid 2018"]
[Site "Ajka"]
[Date "2018.07.20"]
[Round "5"]
[White "Balogh, Marton"]
[Black "Hoang, Thanh Trang"]
[Result "0-1"]
[ECO "A80"]
[WhiteElo "1668"]
[BlackElo "2351"]
[Annotator "NA"]
[PlyCount "48"]
[EventDate "2018.07.20"]
[EventType "swiss"]
[EventCountry "HUN"]
[SourceTitle "playchess.com"]
[Source "ChessBase"]
[SourceQuality "1"]
[TimeControl "1200+5"]

1. d4 f5 2. h3 d6 3. g4 Nc6 4. c3 e5 5. Bg2 fxg4 6. hxg4 Bxg4 7. Qd3 Qd7 8. f3 Bf5 9. e4 Bg6 10. Bh3 Qd8 11. Be3 d5 12. Nd2 Nf6 13. O-O-O Be7 14. Ne2 a6 15. Rdg1 Qd6 16. Bf5 Bxf5 17. exf5 Rg8 18. Bg5 O-O-O 19. Bxf6 Bxf6 20. Rxh7 exd4 21. cxd4 Rge8 22. a3 Rd7 23. Nb3 Rde7 24. Rg2 Re3 0-1

[Event "HUN-ch Rapid 2018"]
[Site "Ajka"]
[Date "2018.07.21"]
[Round "6"]
[White "Jakab, Attila"]
[Black "Volosin, Vladimir"]
[Result "1-0"]
[ECO "D12"]
[WhiteElo "2363"]
[BlackElo "2250"]
[Annotator "NA RC"]
[PlyCount "87"]
[EventDate "2018.07.20"]
[EventType "swiss"]
[EventCountry "HUN"]
[SourceTitle "playchess.com"]
[Source "ChessBase"]
[SourceQuality "1"]
[TimeControl "1200+5"]

1. d4 c6 2. c4 d5 3. Nf3 Nf6 4. e3 Bf5 5. Bd3 Bg6 6. O-O e6 7. Nc3 Be7 8. Qe2 Nbd7 9. e4 dxe4 10. Nxe4 Nxe4 11. Bxe4 Nf6 12. Bxg6 hxg6 13. Bf4 O-O 14. Rad1 Qa5 15. b3 Rfe8 16. Rd3 c5 17. Rfd1 cxd4 18. Nxd4 Bc5 19. Nb5 e5 20. Be3 e4 21. R3d2 Bb4 22. Rc2 a6 23. Nd6 Bxd6 24. Rxd6 Qe5 25. Rcd2 Re6 26. R6d4 Rae8 27. h3 b5 28. b4 bxc4 29. Qxc4 Qb5 30. Qb3 Rc6 31. a4 Rc1+ 32. Rd1 Rxd1+ 33. Rxd1 Qe2 34. b5 axb5 35. axb5 Re5 36. b6 Rb5 37. Rd8+ Kh7 38. Qxf7 Rb1+ 39. Kh2 Qh5 40. Qe6 Qb5 41. Bd4 Qg5 42. Qc8 Qf4+ 43. g3 Ng4+ 44. Qxg4 1-0

[Event "HUN-ch Rapid 2018"]
[Site "Ajka"]
[Date "2018.07.21"]
[Round "6"]
[White "Deak, Sandor"]
[Black "Sarok, Peter"]
[Result "1-0"]
[ECO "D31"]
[WhiteElo "2335"]
[BlackElo "2105"]
[Annotator "NA RC"]
[PlyCount "107"]
[EventDate "2018.07.20"]
[EventType "swiss"]
[EventCountry "HUN"]
[SourceTitle "playchess.com"]
[Source "ChessBase"]
[SourceQuality "1"]
[TimeControl "1200+5"]

1. d4 d5 2. c4 e6 3. Nc3 c6 4. cxd5 exd5 5. Nf3 Be7 6. Qc2 Nd7 7. Bf4 Ngf6 8. e3 Nf8 9. Bd3 Ne6 10. Be5 h6 11. O-O O-O 12. Bxf6 Bxf6 13. b4 a6 14. a4 Qd6 15. Rfb1 Bd7 16. a5 Ng5 17. Nd2 Rad8 18. Na4 Rfe8 19. Nc5 Bc8 20. Bf5 Bxf5 21. Qxf5 g6 22. Qd3 Re7 23. Ra2 h5 24. Rc2 Rde8 25. Rbc1 Ra8 26. Nxb7 Rxb7 27. Rxc6 Qe7 28. Rxa6 Rxa6 29. Qxa6 Rxb4 30. Qa8+ Kh7 31. Qxd5 Rb2 32. Nc4 Ra2 33. Rb1 Qb4 34. Rf1 Qb3 35. h4 Ne6 36. g3 Rc2 37. Nb6 Qa2 38. Qf3 Kg7 39. Nd5 Bd8 40. Qe4 Rb2 41. Qe5+ Kg8 42. Nf6+ Bxf6 43. Qxf6 Rb1 44. Qe5 Rxf1+ 45. Kxf1 Qc4+ 46. Kg1 Nc7 47. Kh2 Qc2 48. Kg2 Qc4 49. e4 Ne6 50. d5 Nc5 51. d6 Qb5 52. Qd5 Qxa5 53. d7 Qc7 54. d8=Q+ 1-0

[Event "HUN-ch Rapid 2018"]
[Site "Ajka"]
[Date "2018.07.21"]
[Round "6"]
[White "Csonka, Balazs"]
[Black "Margl, Roland"]
[Result "1-0"]
[ECO "D02"]
[WhiteElo "2311"]
[BlackElo "2047"]
[Annotator "NA"]
[PlyCount "59"]
[EventDate "2018.07.20"]
[EventType "swiss"]
[EventCountry "HUN"]
[SourceTitle "playchess.com"]
[Source "ChessBase"]
[SourceQuality "1"]
[TimeControl "1200+5"]

1. d4 d5 2. Nf3 Nf6 3. c4 e6 4. g3 Bb4+ 5. Bd2 Be7 6. Bg2 O-O 7. O-O c6 8. Bf4 Nbd7 9. Nc3 dxc4 10. e4 b5 11. d5 Nxe4 12. d6 Bf6 13. Nxe4 Bxb2 14. Rb1 Ba3 15. Nd4 Bb7 16. Bg5 Qb6 17. Nc2 Bc5 18. Nxc5 Qxc5 19. Be7 Rfc8 20. Qd4 Qxd4 21. Nxd4 a6 22. Rfe1 Rab8 23. Bh3 Nc5 24. d7 Nxd7 25. Nxe6 Re8 26. Nc7 Rec8 27. Bxd7 Rxc7 28. Bd6 Rxd7 29. Bxb8 f6 30. Rbd1 1-0